 Dungeon Crawl Stone Soup version 0.17-a0-1-g1f4be75 (webtiles) character file.

117 vatarom the Ducker (level 4, -2/38 HPs)
             Began as a Draconian Transmuter on Mar 9, 2015.
             Slain by an ice beast (11 damage)
             ... on level 3 of the Dungeon.
             The game lasted 00:04:41 (2376 turns).

vatarom the Ducker (Draconian Transmuter)           Turns: 2376, Time: 00:04:41

Health: -2/38      AC:  6    Str: 15    XL:     4   Next: 71%
Magic:  3/7        EV: 13    Int: 13    God:
Gold:   38         SH:  0    Dex: 13    Spells: 2 memorised, 3 levels left

rFire  . . .     SeeInvis .     j - +0 falchion (curse)
rCold  . . .     Clarity  .     (armour unavailable)
rNeg   . . .     SustAb   .     (no shield)
rPois  .         Gourm    .     (helmet restricted)
rElec  .         Spirit   .     (no cloak)
rCorr  .         Warding  .     i - +0 pair of gloves
rMut   .         Stasis   .     (no boots)
MR     .....                    (no amulet)
Stlth  +.........               (no ring)
                                e - +3 ring of strength

@: about to teleport, very slightly contaminated, slowed, very slow, not
resistant to hostile enchantments, very unstealthy
A: unfitting armour, cold-blooded, AC +5
a: no special abilities


You were on level 3 of the Dungeon.
You were hungry.

You visited 1 branch of the dungeon, and saw 3 of its levels.

You collected 38 gold pieces.

Inventory:

Hand weapons
 g - a +2 dagger of electrocution
 j - a cursed +0 falchion (weapon)
Missiles
 b - 12 arrows
 k - 18 arrows of flame
 l - 8 javelins of returning (quivered)
Armour
 i - a +0 pair of gloves (worn)
Jewellery
 e - a +3 ring of strength (left hand)
Magical devices
 c - a wand of slowing (46)
 n - a wand of flame (26)
Scrolls
 m - a scroll of identify
Potions
 h - 2 potions of magic
Books
 d - a book of Changes

   Spells                             Type                      Level
   a - Beastly Appendage              Transmutation                1
   b - Sticks to Snakes               Transmutation                2
   c - Spider Form                    Transmutation/Poison         3
   d - Ice Form                       Ice/Transmutation            4
   e - Blade Hands                    Transmutation                5
Comestibles
 a - 2 bread rations
 f - 2 meat rations
 o - a royal jelly
 p - a beef jerky


   Skills:
 - Level 3.2 Fighting
 + Level 3.6 Dodging
 - Level 3.0 Unarmed Combat
 - Level 2.0 Spellcasting
 - Level 2.0 Transmutations


You had 3 spell levels left.
You knew the following spells:

 Your Spells              Type           Power        Failure   Level  Hunger
a - Beastly Appendage     Trmt           #.....       12%         1    ##.....
b - Spider Form           Trmt/Pois      #.........   52%         3    ####...


Dungeon Overview and Level Annotations

Branches:
Dungeon (3/15)

Altars:
Ashenzari
Dithmenos
Nemelex Xobeh
Sif Muna


Innate Abilities, Weirdness & Mutations

Your plain brown scales are hard (AC +5).
Your body does not fit into most forms of armour.
Your cold-blooded metabolism reacts poorly to cold.


Message History

The ice beast misses you.
You hit the ice beast.
The ice beast is moderately wounded.
The ice beast completely misses you.
You hit the ice beast.
The ice beast is heavily wounded.
The ice beast hits you. The ice beast freezes you!
* * * LOW HITPOINT WARNING * * *
The ice beast closely misses you.
Your transformation has ended.
Your cursed +0 falchion unmelds from your body.
Your +0 pair of gloves unmelds from your body.
Read which item? (? for menu, Esc to quit)
Okay, then.
Read which item? (? for menu, Esc to quit)
As you read the scroll of teleportation, it crumbles to dust.
You feel strangely unstable. The ice beast hits you.
* * * LOW HITPOINT WARNING * * *
The ice beast freezes you!
You feel yourself slow down.
You die...

############.....#########.######
....# ######.#########.# ....#
#................#
....#######.####.###########
.[..+.......#....#
..[.######..#.##.# ^...####
#..#.##.# .......#
##.#.##.#######
...(...####.#.##@#.....#
.......+....#..#Y#.###.######
.......####.##.#.#.###......#
..##+### #.......#.#........#
#....#####.#.#.#.#.#†##.....#
#................#.#.##.....#
###########..#...#.#.##.....#
.............#...#.#.##.....#
##########...#...#.#+##.....#


You could see an ice beast.

Vanquished Creatures
  5 adders
  2 worms (D:3)
  An orc (D:3)
  5 bats
  6 goblins
  6 hobgoblins
  4 jackals (D:3)
  7 kobolds
  An ooze (D:3)
  A quokka (D:3)
  2 ball pythons
  A giant cockroach (D:3)
  4 giant geckos
  3 giant newts
  5 rats
53 creatures vanquished.

Notes
Turn   | Place    | Note
--------------------------------------------------------------
     0 | D:1      | vatarom, the Draconian Transmuter, began the quest for the Orb.
     0 | D:1      | Reached XP level 1. HP: 16/16 MP: 3/3
   444 | D:1      | Reached XP level 2. HP: 24/24 MP: 4/4
   882 | D:2      | Reached XP level 3. HP: 29/31 MP: 6/6
   900 | D:2      | Found a sparkling altar of Nemelex Xobeh.
  1018 | D:2      | Learned a level 3 spell: Spider Form
  1047 | D:2      | Found a deep blue altar of Sif Muna.
  1518 | D:3      | Reached XP level 4. HP: 38/38 MP: 5/7
  2068 | D:3      | Found a shattered altar of Ashenzari.
  2068 | D:3      | Found a shadowy altar of Dithmenos.
  2345 | D:3      | Noticed an ice beast
  2376 | D:3      | Slain by an ice beast

Action                   |  1- 3 |  4- 6 || total
-------------------------+-------+-------++-------
Melee: Dagger            |    84 |       ||    84
       Unarmed           |    14 |     6 ||    20
       Falchion          |    13 |    80 ||    93
 Cast: Beastly Appendage |     3 |     3 ||     6
       Spider Form       |       |     1 ||     1
Evoke: Wand              |     1 |       ||     1
  Use: Scroll            |     3 |     4 ||     7
       Potion            |     1 |     1 ||     2
  Eat: Bread ration      |     1 |       ||     1
